 Dungeon Crawl Stone Soup version 0.30.1-11-g7821555f0a (webtiles) character file.

Game seed: 4377542510417869107

11 booth the Conjurer (level 2, 0/18 (22) HPs)
             Began as a Demonspawn Reaver on Dec 28, 2023.
             Slain by a hobgoblin (3 damage)
             ... on level 1 of the Dungeon.
             The game lasted 00:01:52 (189 turns).

booth the Conjurer (Demonspawn Reaver)               Turns: 189, Time: 00:01:52

HP:   0/18 (22)     AC:  3    Str: 12    XL:     2   Next: 17%
MP:   4/5           EV: 11    Int: 16    God:
Gold: 50            SH:  0    Dex: 11    Spells: 4/5 levels left

rFire   . . .        a - +0 hand axe
rCold   . . .        (no shield)
rNeg    . . .        b - +0 leather armour
rPois   .            (no helmet)
rElec   .            (no cloak)
rCorr   .            (no gloves)
SInv    .            (no boots)
Will    .....        (no amulet)
Stlth   +            (no ring)
HPRegen 0.23/turn    (no ring)
MPRegen 0.09/turn

%: no passive effects
@: heavily drained
A: big brain 1
a: no special abilities


You were on level 1 of the Dungeon.
You visited 1 branch of the dungeon, and saw 1 of its levels.

You collected 50 gold pieces.

Inventory:

Hand Weapons
 a - a +0 hand axe (weapon)
Armour
 b - a +0 leather armour (worn)
Scrolls
 c - a scroll of poison {unknown}
Potions
 d - a potion of mutation {unknown}
 e - a potion of curing {unknown}


   Skills:
 + Level 2.2 Fighting
 + Level 2.8 Axes
 - Level 1.9 Dodging
 + Level 2.1 Spellcasting
 + Level 3.1 Conjurations


You had 4 spell levels left.
You knew the following spells:

 Your Spells              Type           Power      Damage    Failure   Level
a - Kiss of Death         Conj/Necr      24%        2d7       14%         1

Your spell library contained the following spells:

 Spells                   Type           Power      Damage    Failure   Level
 Momentum Strike          Conj/Tloc      12%        3d8       21%         2
 Hailstorm                Conj/Ice       6%         3d4       38%         3
 Ignite Poison            Fire/Tmut/Pois 1%         N/A       61%         3
 Sticky Flame             Conj/Fire      6%         2d3       80%         4
 Ignition                 Fire           0%         3d3       100%        8


Dungeon Overview and Level Annotations

Branches:
Dungeon (1/15)

Altars:


Innate Abilities, Weirdness & Mutations

You have an unusually large brain. (Int +2)


Message History

You now have 50 gold pieces (gained 14).
You open the door.
There is an open door here.
A goblin comes into view. It is wielding a +0 dagger of venom.
The goblin shouts!
A kobold comes into view. It is wielding a +0 short sword.
The kobold shouts!
A hobgoblin comes into view.
You hit the goblin.
The goblin is moderately wounded.
The goblin hits you with a +0 dagger of venom.
You are poisoned.
You closely miss the goblin.
The goblin is moderately wounded.
You feel very sick.
The goblin hits you with a +0 dagger of venom.
Sorry, you're not good enough to have a special ability.
Casting: Kiss of Death (safe; 14% risk of failure)
Confirm with . or Enter, or press ? or * to list all spells.
Aiming: Kiss of Death (safe; 14% risk of failure)
Press: ? - help, Shift-Dir - straight line, f - goblin
Aim: a goblin, wielding a +0 dagger of venom (moderately wounded, 100% to hit)
The negative energy hits the goblin!
The goblin is drained!
You kill the goblin!
You feel drained.
You feel sick.
You barely miss the kobold.
You feel sick.
The kobold hits you with a +0 short sword.
You hit the kobold.
You kill the kobold!
You feel sick.
You closely miss the hobgoblin.
You feel sick. The hobgoblin closely misses you.
The hobgoblin barely misses you.
You hit the hobgoblin but do no damage.
You feel sick. The hobgoblin hits you.
* * * LOW HITPOINT WARNING * * *
You hit the hobgoblin.
The hobgoblin is heavily wounded.
You feel sick.
You are no longer poisoned.
The hobgoblin hits you.
You die...

#### ##### ....
######...###..#
#....#...@g...#
#....#...##...#
########....#...#
#......
..##........#...#
#.#...
..##.....####...####.#
..
...'.....'...........#
.
####††...#######.....
.......### .####
######.# ..


You could see a hobgoblin.

Vanquished Creatures
  2 bats (D:1)
  2 goblins (D:1)
  A hobgoblin (D:1)
  2 ball pythons (D:1)
  A frilled lizard (D:1)
  2 kobolds (D:1)
  2 rats (D:1)
12 creatures vanquished.

Notes
Turn   | Place    | Note
-------+----------+-------------------------------------------
     0 | D:1      | booth the Demonspawn Reaver began the quest for the Orb.
     0 | D:1      | Reached XP level 1. HP: 16/16 MP: 3/3
   106 | D:1      | Gained mutation: You have an unusually large brain. (Int
                  | +2) [demonic ancestry]
   106 | D:1      | Reached XP level 2. HP: 21/22 MP: 5/5
   189 | D:1      | Slain by a hobgoblin

Illustrated notes

Levels and vault maps discovered:
D:1:      dpeg_arrival_leaves_temple_mockup, layout_basic, st_stairs_3

Action                     || total
---------------------------++-------
  Melee: Hand axe          ||    28
   Cast: Kiss of Death     ||     1
 Armour: Leather armour    ||     3
  Dodge: Dodged            ||    17
